 Dungeon Crawl Stone Soup version 0.28-a0-828-g0121872642 (webtiles) character file.

Game seed: 12159297406458244914

135 Zenkrye the Chopper (level 4, 0/35 HPs)
             Began as a Palentonga Gladiator on Nov 10, 2021.
             Succumbed to an orc wizard's poison
             ... on level 3 of the Dungeon.
             The game lasted 00:04:22 (1936 turns).

Zenkrye the Chopper (Palentonga Gladiator)          Turns: 1936, Time: 00:04:23

Health: 0/35       AC:  7    Str: 18    XL:     4   Next: 96%
Magic:  4/4        EV:  5    Int:  8    God:
Gold:   55         SH:  0    Dex: 12    Spells: 3/3 levels left

rFire   . . .      SeeInvis +   a - +0 war axe
rCold   . . .      Faith    .   (no shield)
rNeg    . . .      Spirit   .   g - +0 chain mail
rPois   .          Reflect  .   (helmet restricted)
rElec   .          Harm     .   (no cloak)
rCorr   .          Rampage  .   (no gloves)
Will    .....                   (no barding)
Stlth   ..........              (no amulet)
HPRegen 0.11/turn               (no ring)
MPRegen 0.09/turn               (no ring)

@: lethally poisoned (0 -> -4)
A: large, rugged brown scales 3, see invisible, deformed body, roll 1, armoured
tail, horns 2, wild magic 1
a: Rolling Charge


You were on level 3 of the Dungeon.
You visited 1 branch of the dungeon, and saw 3 of its levels.

You collected 55 gold pieces.

Inventory:

Hand Weapons
 a - a +0 war axe (weapon)
Missiles
 d - 3 throwing nets (quivered) {!f}
 e - a boomerang
 f - 7 sling bullets
Armour
 b - a +0 leather armour
 c - a +1 helmet
 g - a +0 chain mail (worn)
 j - a +2 scale mail of fire resistance


   Skills:
 - Level 2.0 Fighting
 + Level 5.7 Axes
 - Level 1.3 Throwing
 - Level 2.4 Dodging


You had 3 spell levels left.
You didn't know any spells.
Your spell library contained the following spells:

 Spells                   Type           Power      Damage    Failure   Level
 Call Canine Familiar     Summ           0%         N/A       100%        3
 Portal Projectile        Hex/Tloc       0%         N/A       100%        3
 Leda's Liquefaction      Hex/Erth       0%         N/A       100%        4


Dungeon Overview and Level Annotations

Branches:
Dungeon (3/15)

Altars:


Innate Abilities, Weirdness & Mutations

You are completely covered in rugged brown scales. (AC +3, +7% HP)
You have supernaturally acute eyesight. (SInv)
Armour fits poorly on your strangely shaped body.
You can roll at nearby foes to attack.
You have a long armoured tail.
You have a pair of horns on your head.
Your spells are a little harder to cast, but a little more powerful.


Message History

You are more poisoned.
You hit the orc wizard.
Your tail-slap misses the orc wizard.
The orc wizard is lightly wounded.
You feel very sick.
The orc wizard hits you but does no damage.
You are more poisoned.
The orc wizard hits you but does no damage.
You are lethally poisoned!
You barely miss the orc wizard.
The orc wizard is lightly wounded.
You feel extremely sick.
The orc wizard hits you with a +2 dagger of venom.
You are more poisoned.
You barely miss the orc wizard.
The orc wizard is lightly wounded.
* * * LOW HITPOINT WARNING * * *
You feel extremely sick.
The orc wizard gestures at you while chanting.
You are confused.
It was a potion of curing.
You feel better.
The orc wizard hits you but does no damage.
You are poisoned.
It was a potion of mutation.
You feel extremely strange. A pair of horns grows on your head!
Your +1 helmet falls away!
The horns on your head grow some more.
You feel less in control of your magic.
You feel sick.
The orc wizard gestures at you while chanting.
The magic dart hits you.
* * * LOW HITPOINT WARNING * * *
You closely miss the orc wizard.
The orc wizard is lightly wounded.
* * * LOW HITPOINT WARNING * * *
You feel sick.
The orc wizard points at you and mumbles some strange words.
The magic dart hits you.
* * * LOW HITPOINT WARNING * * *
You hit the orc wizard.
The orc wizard is heavily wounded.
You die...

###.#..### ..... #.......
.....#####...###
...........#.#
...........### .........#
#.......# #.#...o...#
#....(@...# ...#######)...#
.........)....## #+#
.......†)).)...###.#######+
...........÷...............
..................#........
............÷.....#..<.....
#...........÷....!#........
##########.#)#######..####+


You could see an orc wizard.

Vanquished Creatures
  Jessica (D:3)
  An orc wizard (D:3)
  3 adders (D:2)
  9 orcs
  8 ball pythons
  5 endoplasms
  4 giant cockroaches
  5 goblins
  4 hobgoblins
  3 bats (D:1)
  2 frilled lizards
45 creatures vanquished.

Notes
Turn   | Place    | Note
-------+----------+-------------------------------------------
     0 | D:1      | Zenkrye the Palentonga Gladiator began the quest for the
                  | Orb.
     0 | D:1      | Reached XP level 1. HP: 17/17 MP: 1/1
    87 | D:1      | Found a faded altar of an unknown god.
   402 | D:1      | Reached XP level 2. HP: 23/23 MP: 2/2
   763 | D:2      | Reached skill level 4 in Axes
   792 | D:2      | Reached XP level 3. HP: 28/28 MP: 3/3
  1490 | D:3      | Noticed Jessica
  1497 | D:3      | Killed Jessica
  1498 | D:3      | Reached skill level 5 in Axes
  1498 | D:3      | Reached XP level 4. HP: 35/35 MP: 4/4
  1934 | D:3      | Gained mutation: You have a pair of small horns on your
                  | head. [potion of mutation]
  1934 | D:3      | Gained mutation: You have a pair of horns on your head.
                  | [potion of mutation]
  1934 | D:3      | Gained mutation: Your spells are a little harder to cast,
                  | but a little more powerful. [potion of mutation]
  1935 | D:3      | HP: 1/35 [orc wizard/magic dart (4)]
  1936 | D:3      | Succumbed to an orc wizard's poison

Illustrated notes

Levels and vault maps discovered:
D:1:      dpeg_arrival_circle_labyrinth_a, layout_basic, basic_ecumenical_altar
D:2:      layout_loops_ring
D:3:      layout_basic, yredelemnul_forgotten_temple_becter, uniq_jessica

Skill      XL: |  1  2  3 |
---------------+----------+-----
Axes           | 4 5 |  5.7
Fighting       | |  2.0
Throwing       | |  1.3
Dodging        | |  2.4

Action                   |  1- 3 |  4- 6 || total
-------------------------+-------+-------++-------
Melee: War axe           |    45 |    44 ||    89
       Tailslap          |     1 |     6 ||     7
Throw: Dart              |    38 |     3 ||    41
 Abil: Rolling Charge    |     1 |       ||     1
  Use: Scroll            |     2 |       ||     2
       Potion            |       |     2 ||     2
Armor: Leather armour    |     5 |       ||     5
       Chain mail        |    25 |    30 ||    55
Dodge: Dodged            |    17 |     9 ||    26

Table legend: (Time is in decaauts)
 A = Elapsed time spent in this place.
 B = Non-inter-level travel time spent in this place.
 C = Inter-level travel time spent in this place.
 D = Time resting spent in this place.
 E = Time spent auto-exploring this place.
 F = Levels seen in this place.
 G = Mean time per level.
                   A        B        C        D        E       F      G
               +--------+--------+--------+--------+--------+-----+--------+
         Total |   1958 |   1909 |     49 |    153 |   1407 |   3 |  652.7 |
       Dungeon |   1958 |   1909 |     49 |    153 |   1407 |   3 |  652.7 |
               +--------+--------+--------+--------+--------+-----+--------+

Top non-repeatable levels by time:
     D:2: 838 daAuts
     D:1: 743 daAuts
     D:3: 376 daAuts
